 Dungeon Crawl Stone Soup version 0.28-a0-1389-gc726bef33b (webtiles) character file.

Game seed: 13836510202952738425

375 croobank the Skirmisher (level 6, -1/56 HPs)
             Began as a Hill Orc Fighter on Jan 4, 2022.
             Succumbed to a water moccasin's poison
             ... on level 5 of the Dungeon.
             The game lasted 00:17:28 (4313 turns).

croobank the Skirmisher (Hill Orc Fighter)          Turns: 4313, Time: 00:17:28

Health: -1/56      AC:  5    Str: 19    XL:     6   Next: 73%
Magic:  6/6        EV:  9    Int: 16    God:
Gold:   69         SH: 10    Dex: 10    Spells: 5/5 levels left

rFire   + . .      SeeInvis .   a - +0 war axe
rCold   . . .      Faith    .   c - +0 buckler
rNeg    . . .      Spirit   .   u - +1 scale mail "Ifaicirha" {rElec rF+ Will+}
rPois   .          Reflect  +   (no helmet)
rElec   +          Harm     .   k - +0 cloak
rCorr   .          Rampage  .   (no gloves)
Will    +....                   (no boots)
Stlth   ..........              f - amulet of reflection
HPRegen 0.18/turn               o - +6 ring of intelligence
MPRegen 0.10/turn               h - ring of flight

@: lethally poisoned (-1 -> -25), corroded, attractive, flying
A: no striking features
a: no special abilities


You were on level 5 of the Dungeon.
You visited 1 branch of the dungeon, and saw 5 of its levels.

You collected 189 gold pieces.
You spent 120 gold pieces at shops.

Inventory:

Hand Weapons
 a - a +0 war axe (weapon)
 d - a +2 quarterstaff of chaos
 j - a +1 dagger of electrocution
Missiles
 e - 124 stones (quivered)
 p - 25 sling bullets
Armour
 b - a +1 ring mail of cold resistance
 c - a +0 buckler (worn)
 k - a +0 cloak (worn)
 s - a +2 kite shield
 u - the +1 scale mail "Ifaicirha" (worn) {rElec rF+ Will+}
   (You found it on level 4 of the Dungeon)

   rF:        It protects you from fire.
   rElec:     It insulates you from electricity.
   Will:      It increases your willpower.
Jewellery
 f - an amulet of reflection (around neck)
 h - a ring of flight (right hand)
 o - a +6 ring of intelligence (left hand)
Scrolls
 g - a scroll of silence {unknown}
 n - 2 scrolls of fog
Potions
 i - 2 potions of magic
 l - a potion of cancellation
 m - 2 potions of flight
 q - a potion of brilliance
 r - a potion of resistance


   Skills:
 + Level 5.4 Fighting
 + Level 5.0 Axes
 + Level 4.8 Armour
 + Level 4.9 Shields


You had 5 spell levels left.
You didn't know any spells.
Your spell library contained the following spells:

 Spells                   Type           Power      Damage    Failure   Level
 Animate Skeleton         Necr           0%         N/A       56%         1
 Foxfire                  Conj/Fire      0%         2x1d4     56%         1
 Pain                     Necr           0%         1d4       56%         1
 Conjure Flame            Conj/Fire      0%         6-21      91%         3
 Inner Flame              Hex/Fire       0%         N/A       91%         3
 Vampiric Draining        Necr           0%         2d6       91%         3
 Flame Wave               Conj/Fire      0%         2d4       100%        4


Dungeon Overview and Level Annotations

Branches:
Dungeon (5/15)
 Temple: D:4-7

Altars:
Zin

Shops:
D:3 ?:*=[   D:4 (

Annotations:
D:5 Grinder, Ijyb


Message History

h - a ring of flight (right hand)
Found 15 gold pieces.
An acid dragon comes into view.
Found a stone staircase leading down.
The acid dragon roars!
A water moccasin comes into view.
An iguana comes into view.
The water moccasin moves out of view.
The iguana hisses angrily.
The water moccasin hisses angrily.
You miss the water moccasin.
The water moccasin bites you but does no damage.
The water moccasin barely misses you.
You closely miss the water moccasin. The water moccasin bites you.
You miss the water moccasin. You block the water moccasin's attack.
The water moccasin barely misses you.
You closely miss the acid dragon. You barely miss the water moccasin.
You block the water moccasin's attack.
The acid dragon bites you but does no damage.
You block the acid dragon's attack. The water moccasin bites you.
You are poisoned.
The water moccasin poisons you! The acid dragon spits acid at you.
The splash of acid hits you!! The acid corrodes you!
You hit the acid dragon but do no damage.
You hit the iguana. You closely miss the water moccasin.
You feel very sick. The water moccasin bites you.
The iguana bites you but does no damage.
The acid dragon bites you!
* * * LOW HITPOINT WARNING * * *
The acid dragon claws you but does no damage.
The water moccasin bites you!
* * * LOW HITPOINT WARNING * * *
You are more poisoned.
The water moccasin poisons you!
Okay, then.
Okay, then.
Okay, then.
It was a potion of attraction.
You feel attractive to monsters.
You die...

##l......
#.$8.....
#####.D......
##.....###....
.. ##.....## #
... ##......##
#..#
##........#
#..#
#...###..S##
#... #...#
##.D@#
#)..##...#
##l.......#
#........#
##......##
#........###
##..####
##.........#
###
#.........##
#....<.....#
#..........#
##.........##


You could see a water moccasin, an acid dragon (catching breath) and an iguana.

Vanquished Creatures
  A bullfrog (D:4)
  A scorpion (D:4)
  A howler monkey (D:4)
  A hound (D:4)
  Crazy Yiuf (D:4)
  2 orc wizards (D:4)
  Robin (D:3)
  2 adders (D:3)
  An ufetubus (D:3)
  A worm (D:3)
  A dart slug (D:4)
  7 orcs
  7 ball pythons
  4 endoplasms
  4 giant cockroaches
  12 goblins
  6 hobgoblins
  2 jackals (D:1)
  4 kobolds
  A quokka (D:4)
  2 bats (D:1)
  3 frilled lizards
  5 rats
70 creatures vanquished.

Notes
Turn   | Place    | Note
-------+----------+-------------------------------------------
     0 | D:1      | croobank the Hill Orc Fighter began the quest for the Orb.
     0 | D:1      | Reached XP level 1. HP: 19/19 MP: 1/1
    60 | D:1      | Reached XP level 2. HP: 21/27 MP: 2/2
   295 | D:1      | Found a faded altar of an unknown god.
   295 | D:1      | Noticed a floating eye
   299 | D:1      | Noticed a shining eye
   304 | D:1      | Noticed a golden eye
   315 | D:1      | Noticed a floating eye
  1208 | D:2      | Reached XP level 3. HP: 33/33 MP: 3/3
  1614 | D:3      | Found Toz Atic's Jewellery Boutique.
  1773 | D:3      | Found Osowk's Antique Armour Shoppe.
  1901 | D:3      | Found Piprimypp's Book Emporium.
  1915 | D:3      | Noticed Robin
  1945 | D:3      | Reached XP level 4. HP: 24/40 MP: 4/4
  1962 | D:3      | Killed Robin
  2157 | D:3      | Found Fuut's Magic Scroll Shoppe.
  2189 | D:3      | Bought a scroll of identify for 26 gold pieces
  2189 | D:3      | Bought a scroll of identify for 26 gold pieces
  2189 | D:3      | Bought a scroll of identify for 26 gold pieces
  2340 | D:3      | Found Hitoyt Ymuc's Assorted Antiques.
  2349 | D:3      | Bought a scroll of identify for 42 gold pieces
  2705 | D:4      | Found Lestraps's Weapon Shoppe.
  2750 | D:4      | Reached XP level 5. HP: 17/47 MP: 5/5
  3111 | D:4      | Reached skill level 5 in Fighting
  3206 | D:4      | Reached XP level 6. HP: 14/56 MP: 6/6
  3482 | D:4      | Identified the +1 scale mail "Ifaicirha" {rElec rF+ Will+}
  3567 | D:4      | Found a glowing silver altar of Zin.
  3796 | D:4      | Reached skill level 5 in Axes
  3857 | D:4      | Found a runed translucent door.
  3858 | D:4      | Noticed Crazy Yiuf
  3870 | D:4      | Killed Crazy Yiuf
  4156 | D:5      | Entered Level 5 of the Dungeon
  4169 | D:5      | Noticed Ijyb
  4173 | D:5      | Noticed Grinder
  4300 | D:5      | Noticed an acid dragon
  4300 | D:5      | Noticed a water moccasin
  4313 | D:5      | Succumbed to a water moccasin's poison

Illustrated notes

Levels and vault maps discovered:
D:1:      denvon_arrival_planthouse, layout_rooms,
          hellmonk_ecumenical_altar_watching_god, serial_bayou_crossing
D:2:      layout_loops_corners
D:3:      layout_basic, serial_shops, nicolae_shop_competitors_out_of_business,
          nicolae_shop_waterfront, nicolae_shop_window_shopping, shop,
          nicolae_shop_trees, uniq_robin
D:4:      layout_rooms, zin_treasury, serial_shops, nicolae_shop_hallway_plus,
          grunt_ministairs_2, uniq_crazy_yiuf_cottage
D:5:      layout_layer_cave, hangedman_abyss_or_decor_lesser_grid, st_stairs_1,
          uniq_grinder, uniq_prince_ribbit1, uniq_pikel, uniq_ijyb

Skill      XL: |  1  2  3  4  5  6 |
---------------+-------------------+-----
Axes           | 3 4 5 |  5.0
Fighting       | 4 5 |  5.4
Shields        | 4 |  4.9
Armour         | 4 |  4.8

Action                   |  1- 3 |  4- 6 || total
-------------------------+-------+-------++-------
Melee: War axe           |    98 |   128 ||   226
       Dagger            |    15 |    19 ||    34
  Use: Scroll            |       |     9 ||     9
       Potion            |       |     3 ||     3
Armor: Scale mail        |    58 |    75 ||   133
Dodge: Dodged            |    46 |    60 ||   106
Block: Buckler           |    29 |    29 ||    58

Table legend: (Time is in decaauts)
 A = Elapsed time spent in this place.
 B = Non-inter-level travel time spent in this place.
 C = Inter-level travel time spent in this place.
 D = Time resting spent in this place.
 E = Time spent auto-exploring this place.
 F = Levels seen in this place.
 G = Mean time per level.
                   A        B        C        D        E       F      G
               +--------+--------+--------+--------+--------+-----+--------+
         Total |   4391 |   4297 |     94 |   1391 |   2017 |   5 |  878.2 |
       Dungeon |   4391 |   4297 |     94 |   1391 |   2017 |   5 |  878.2 |
               +--------+--------+--------+--------+--------+-----+--------+

Top non-repeatable levels by time:
     D:4: 1510 daAuts
     D:3: 1254 daAuts
     D:2: 802 daAuts
     D:1: 665 daAuts
     D:5: 157 daAuts
